[Event "Late-Titled-Tuesday-Blitz-June-25-2024"]
[Site "Chess.com"]
[Date "2024.06.25"]
[Round "7"]
[White "pinelone"]
[Black "GrotBchess"]
[Result "0-1"]
[WhiteElo "2424"]
[BlackElo "2587"]
[TimeControl "180+1"]
[EndTime "15:14:57 PDT"]
[Termination "GrotBchess won on time"]

1. Nf3 Nf6 2. c4 g6 3. b3 Bg7 4.
Bb2 c5 5. g3 O-O 6. Bg2 d6 7. d4 Ne4 8. O-O Nc6 9. e3 Bg4 10.
h3 Bf5 11. Nh4 e6 12. Nxf5 exf5 13. Nd2 cxd4 14. exd4 d5 15. cxd5 Qxd5 16. Re1 Rfe8 17. Nxe4 fxe4 18. Qc2 f5 19. Rad1 Rad8 20. Bf1 Kh8 21.
Bc4 Qd6 22. Bb5 e3 23. d5 exf2+ 24. Qxf2 Rxe1+ 25. Rxe1 Ne5 26. Bxe5 Bxe5 27. Kg2 Qxd5+ 28. Qf3 Qxb5 29. Qe3 Bg7 30. Qe7 Qd5+ 31. Kh2 h6 32. h4 f4 33. gxf4 Qd2+ 34. Re2 Qxf4+ 0-1

[Event "Late-Titled-Tuesday-Blitz-June-25-2024"]
[Site "Chess.com"]
[Date "2024.06.25"]
[Round "7"]
[White "Stanbad1"]
[Black "artin10862"]
[Result "0-1"]
[WhiteElo "2734"]
[BlackElo "2907"]
[TimeControl "180+1"]
[EndTime "15:14:59 PDT"]
[Termination "artin10862 won by resignation"]

1. d4 Nf6 2. Bg5 g6 3. Bxf6 exf6 4. c4 Bb4+ 5. Nd2 d5 6. e3 dxc4 7. Bxc4 O-O 8. Ne2 c6 9. Rc1 f5 10. Nc3 Nd7 11. O-O Nf6 12. a3 Bd6 13. b4 a5 14. Qb3 Qe7 15. Rb1 b5 16. Be2 Be6 17. Qb2 Ra6 18. Rfc1 Rfa8 19. Bf3 axb4 20. axb4 h5 21. Nb3 Bxb4 22. Nc5 Bxc5 23. dxc5 Nd7 24. Nxb5 Rb8 25. Qd4 cxb5 26. c6 Nf6 27. c7 Rf8 28. Bb7 Rd6 29. Qe5 Ng4 30. Qf4 Bc8 31. Rxb5 Qxc7 32. e4 Bxb7 33. Rxb7 Rd1+ 34. Rxd1 Qxf4 0-1

[Event "Late-Titled-Tuesday-Blitz-June-25-2024"]
[Site "Chess.com"]
[Date "2024.06.25"]
[Round "7"]
[White "DenLaz"]
[Black "ChristopherYoo"]
[Result "1-0"]
[WhiteElo "3141"]
[BlackElo "3041"]
[TimeControl "180+1"]
[EndTime "15:15:00 PDT"]
[Termination "DenLaz won by resignation"]

1. d4 Nf6 2. c4 e6 3. Nf3 d5 4.
g3 dxc4 5. Bg2 a6 6. O-O Nc6 7.
Bg5 Be7 8. e3 Nd5 9. Bxe7 Qxe7 10. Qc1 Nb6 11. Nbd2 e5 12. Nxc4 exd4 13. Nxb6 cxb6 14.
exd4 O-O 15. d5 Ne5 16. Qf4 Ng6 17. Qd4 Qd6 18. Nd2 b5 19. Ne4 Qd8 20. d6 Bf5 21. Nc5 b6 22. Nb7 Qf6 23. Qxf6 gxf6 24. Rac1 Ne5 25.
Rc7 Rae8 26. d7 Nxd7 27. Nd6 Bg4 28. h3 Be6 29. Nxe8 Rxe8 30. Bc6 1-0

[Event "Late-Titled-Tuesday-Blitz-June-25-2024"]
[Site "Chess.com"]
[Date "2024.06.25"]
[Round "7"]
[White "Orest_Vovk"]
[Black "rionelG"]
[Result "0-1"]
[WhiteElo "2544"]
[BlackElo "2404"]
[TimeControl "180+1"]
[EndTime "15:15:01 PDT"]
[Termination "rionelG won by resignation"]

1. e4 c5 2. Be2 d6 3. f4 Nc6 4. Nf3 Nf6 5. d3 g6 6. O-O Bg7 7. c3 O-O 8. Nbd2 Rb8 9. a4 a6 10. Nc4 b5 11. axb5 axb5 12. Ne3 b4 13. Bd2 bxc3 14.
bxc3 Ng4 15. Nxg4 Bxg4 16. h3 Bxf3 17. Bxf3 Rb2 18. Qc1 Qb6 19. e5 Rb8 20. e6 f5 21.
g4 Na5 22. Bd1 Rb5 23. c4 Nb3 24. Bxb3 Rxb3 25. Ra3 Bb2 26. Rxb3 Qxb3 27. Qb1 Bd4+ 28. Kg2 Qxb1 0-1

[Event "Late-Titled-Tuesday-Blitz-June-25-2024"]
[Site "Chess.com"]
[Date "2024.06.25"]
[Round "7"]
[White "lamomiajunior"]
[Black "TigrVShlyape"]
[Result "1-0"]
[WhiteElo "2776"]
[BlackElo "2979"]
[TimeControl "180+1"]
[EndTime "15:15:03 PDT"]
[Termination "lamomiajunior won on time"]

1. d4 d5 2. Nc3 Nf6 3. Bf4 c6 4. e3 Bf5 5. f3 h5 6. Bd3 Bxd3 7. Qxd3 e6 8. Nge2 Nbd7 9. e4 h4 10. O-O-O Be7 11. g3 a5 12. Kb1 Qb6 13. g4 a4 14.
g5 Nh5 15. Bc1 Qa6 16. Qe3 Nb6 17. g6 Nc4 18. gxf7+ Kxf7 19. Qd3 Nd6 20. Rhg1 Qxd3 21. cxd3 b5 22. Nf4 Nxf4 23. Bxf4 b4 24. Ne2 Nb5 25. Rg4 Rh7 26. Rdg1 c5 27. Be5 Rg8 28. dxc5 Bxc5 29. d4 Bd6 30. exd5 exd5 31. Nf4 Bxe5 32. dxe5 Re8 33.
Nd3 d4 34. f4 a3 35. f5 axb2 36. Kxb2 Nc3 37. Rg6 Ra8 38. Nxb4 Rb8 39. a3 Ne4 40. Rc6 1-0

[Event "Late-Titled-Tuesday-Blitz-June-25-2024"]
[Site "Chess.com"]
[Date "2024.06.25"]
[Round "7"]
[White "rockstar0902"]
[Black "sergiochess83"]
[Result "1-0"]
[WhiteElo "2631"]
[BlackElo "2813"]
[TimeControl "180+1"]
[EndTime "15:15:04 PDT"]
[Termination "rockstar0902 won by resignation"]

1. c4 e5 2. Nc3 Nf6 3. Nf3 Nc6 4. e3 Bb4 5. Qc2 Bxc3 6. bxc3 O-O 7. e4 d6 8. g3 h6 9. Bg2 Be6 10. d3 Qd7 11.
O-O Bh3 12. Nh4 Bxg2 13. Kxg2 Ne7 14. h3 g5 15. Nf3 Nh5 16. Qe2 Ng7 17. h4 f6 18. Nh2 Ng6 19. Ng4 h5 20. Nh6+ Kh7 21. hxg5 fxg5 22. Bxg5 h4 23. Rh1 Ne6 24. Nf5 Kg8 25. Qh5 Qh7 26. Qxh7+ Kxh7 27. Nxh4 Nxg5 28. Nf3+ Kg8 29. Nxg5 Rf6 30. Rh5 Raf8 31. f3 a6 32. a4 b6 33. a5 b5 34. cxb5 axb5 35. a6 Ra8 36. a7 c5 37. Rh7 Nf8 38. Rb7 1-0

[Event "Late-Titled-Tuesday-Blitz-June-25-2024"]
[Site "Chess.com"]
[Date "2024.06.25"]
[Round "7"]
[White "Winner_7777"]
[Black "Cosi43"]
[Result "0-1"]
[WhiteElo "2519"]
[BlackElo "2701"]
[TimeControl "180+1"]
[EndTime "15:15:04 PDT"]
[Termination "Cosi43 won by resignation"]

1. d4 d5 2. c4 Nc6 3. Nf3 Bg4 4. cxd5 Bxf3 5. gxf3 Qxd5 6. e3 e5 7. Nc3 Bb4 8. Bd2 Bxc3 9. bxc3 Nge7 10. Rb1 O-O 11. c4 Qd7 12. d5 Nd8 13. h4 b6 14. e4 Nb7 15. Bh3 Qd6 16. h5 h6 17. f4 exf4 18. Qg4 Nc5 19. Bxf4 Qxf4 20. Qxf4 Nd3+ 21. Kd2 Nxf4 22.
Bg4 f5 23. Bf3 fxe4 24. Bxe4 Nf5 25. Rhg1 Rae8 26. f3 Nd6 0-1

[Event "Late-Titled-Tuesday-Blitz-June-25-2024"]
[Site "Chess.com"]
[Date "2024.06.25"]
[Round "7"]
[White "mishanick"]
[Black "Chaubunagungamaug1"]
[Result "1-0"]
[WhiteElo "3145"]
[BlackElo "2584"]
[TimeControl "180+1"]
[EndTime "15:15:07 PDT"]
[Termination "mishanick won by resignation"]

1. d4 d5 2. c4 c6 3. Nc3 Nf6 4.
Nf3 e6 5. e3 Nbd7 6. Qc2 Bd6 7.
Be2 O-O 8. O-O b6 9. e4 dxe4 10. Nxe4 Nxe4 11. Qxe4 Bb7 12. Rd1 Qe7 13. Bf4 Nf6 14.
Bxd6 Qxd6 15. Qe5 Qb4 16. b3 Rfd8 17. h3 Rac8 18. Qe3 h6 19. Ne5 Qe7 20. Bf3 c5 21. dxc5 Bxf3 22. Qxf3 Qxc5 23. Qe2 Qc7 24. g3 Rxd1+ 25.
Rxd1 Rd8 26. Rxd8+ Qxd8 27. Qf3 Qb8 28. Nc6 Qc7 29. Kg2 Nd7 30. Nd4 Nc5 31. Qa8+ Kh7 32. Nb5 Qe5 33. Qf3 a6 34. Nc3 Qd6 35. Qxf7 Qd2 36.
Qf3 Nd3 37. Qe4+ Kh8 38. Ne2 Nc5 39. Qf3 Nd3 40. Qa8+ Kh7 41. Qe4+ Kh8 42. Qxe6 Nc5 43. Qc8+ Kh7 44. Qf5+ Kh8 45. Nf4 Qxa2 46. Ng6+ Kg8 47. Ne7+ Kh8 48. Qf8+ 1-0

[Event "Late-Titled-Tuesday-Blitz-June-25-2024"]
[Site "Chess.com"]
[Date "2024.06.25"]
[Round "7"]
[White "SebbyMeister"]
[Black "Onthequiet"]
[Result "1-0"]
[WhiteElo "2256"]
[BlackElo "2302"]
[TimeControl "180+1"]
[EndTime "15:15:07 PDT"]
[Termination "SebbyMeister won by resignation"]

1. e4 c6 2. d4 d5 3. e5 Bf5 4.
Ne2 e6 5. Ng3 Ne7 6. Nxf5 Nxf5 7. c3 h5 8. Bd3 g6 9. Nd2 Bh6 10. Nf3 Bxc1 11. Qxc1 Nd7 12. Bxf5 exf5 13. Qe3 Nf8 14. Ng5 Ne6 15. Nxe6 fxe6 16. f4 h4 17. O-O-O Qe7 18. g4 O-O-O 19. Rhg1 Rdf8 20. gxf5 gxf5 21. Rg5 Rfg8 22. Rdg1 Rxg5 23. Rxg5 a5 24. Qg1 Kb8 25. a4 Ka7 26. Rg7 Qe8 27. Qg5 h3 28. Rg6 Rh4 29.
Rg8 Qh5 30. Qd8 Ka6 31. Qa8+ Kb6 32. Qd8+ Ka6 33. b4 axb4 34. cxb4 1-0

[Event "Late-Titled-Tuesday-Blitz-June-25-2024"]
[Site "Chess.com"]
[Date "2024.06.25"]
[Round "7"]
[White "Nf3c5"]
[Black "Duhless"]
[Result "0-1"]
[WhiteElo "2636"]
[BlackElo "3087"]
[TimeControl "180+1"]
[EndTime "15:15:10 PDT"]
[Termination "Duhless won by resignation"]

1. Nf3 Nc6 2. d4 Nf6 3. g3 g6 4. Bg2 Bg7 5. O-O O-O 6. Nc3 a5 7. e4 d6 8. h3 Bd7 9. Bg5 Qc8 10.
Kh2 e5 11. Re1 Nxd4 12. Nxd4 exd4 13. Ne2 Re8 14. Nxd4 Re5 15. Qd2 h6 16. Bxh6 Bxh3 17. Bxg7 Kxg7 18. Rh1 Nxe4 19. Qf4 Ng5 20. Nf3 Nxf3+ 21.
Qxf3 Qf5 22. Kg1 Bxg2 23. Kxg2 Qxf3+ 24. Kxf3 Rae8 25. Rh4 Rf5+ 26. Rf4 Rxf4+ 27. gxf4 Kf6 28. a4 d5 29. Ra3 Re6 30. Rc3 Rc6 31. Rb3 Rb6 32. Rc3 c6 33. b3 Kf5 34. Re3 f6 35. Kg3 Rb4 36. Rf3 Rd4 37. Re3 Re4 38. Kf3 Rxe3+ 39. fxe3 g5 40. fxg5 fxg5 0-1

[Event "Late-Titled-Tuesday-Blitz-June-25-2024"]
[Site "Chess.com"]
[Date "2024.06.25"]
[Round "7"]
[White "Beaterawn"]
[Black "Patolindo"]
[Result "1-0"]
[WhiteElo "2403"]
[BlackElo "2158"]
[TimeControl "180+1"]
[EndTime "15:15:10 PDT"]
[Termination "Beaterawn won by checkmate"]

1. d4 Nf6 2. Nc3 d5 3. Bf4 g6 4.
e3 Bg7 5. h4 c5 6. dxc5 Nc6 7.
Nb5 O-O 8. h5 e5 9. Bg5 d4 10. h6 Bh8 11. c3 a6 12. Nd6 dxc3 13. bxc3 Qa5 14. Qb3 Qxc5 15. Bxf6 Bxf6 16. Ne4 Qe7 17.
Nxf6+ Qxf6 18. Nf3 b5 19. Bd3 Be6 20. Qa3 Rfd8 21. Be4 Bc4 22. Qc5 Rac8 23. Bxc6 Rxc6 24. Qxe5 Bd5 25. Rd1 Kf8 26. Rxd5 Rxd5 27. Qxd5 Qxc3+ 28. Ke2 Qc2+ 29. Nd2 Qc3 30. Qd8# 1-0

[Event "Late-Titled-Tuesday-Blitz-June-25-2024"]
[Site "Chess.com"]
[Date "2024.06.25"]
[Round "7"]
[White "bazar-wokzal"]
[Black "Raja3401"]
[Result "0-1"]
[WhiteElo "2608"]
[BlackElo "2783"]
[TimeControl "180+1"]
[EndTime "15:15:11 PDT"]
[Termination "Raja3401 won on time"]

1. e4 c5 2. c3 Nf6 3. e5 Nd5 4. d4 cxd4 5. cxd4 Nc6 6. Nc3 Nxc3 7. bxc3 d6 8. f4 g5 9. fxg5 dxe5 10. Nf3 exd4 11. cxd4 Bg7 12. Be3 O-O 13. Bc4 e5 14. dxe5 Nxe5 15. Nxe5 Qa5+ 16. Kf2 Qxe5 17. Rc1 Be6 18. Qf3 Rac8 19. Bd3 Qb2+ 20. Kg3 Be5+ 21. Kh4 Qb4+ 22. Qe4 Qxe4+ 23. Bxe4 Bxa2 24. Bxa7 b5 25. Rc5 Rxc5 26. Bxc5 Rc8 27. Rc1 Bd4 28. Ba3 Rxc1 29. Bxc1 b4 30. Kg4 Be6+ 31. Kf3 b3 32. Bb1 b2 33. Be3 Bd5+ 34. Ke2 Be5 35. g3 f6 36. gxf6 Bf7 37. Kd2 Bg6 0-1

[Event "Late-Titled-Tuesday-Blitz-June-25-2024"]
[Site "Chess.com"]
[Date "2024.06.25"]
[Round "7"]
[White "patzer-reloaded"]
[Black "GoValya"]
[Result "1-0"]
[WhiteElo "2421"]
[BlackElo "2212"]
[TimeControl "180+1"]
[EndTime "15:15:13 PDT"]
[Termination "patzer-reloaded won by resignation"]

1. d4 g6 2. c4 Bg7 3. e4 c6 4. Nc3 d6 5. f4 e5 6. dxe5 dxe5 7.
Qxd8+ Kxd8 8. Nf3 Bg4 9. Nxe5 Bxe5 10. fxe5 Nd7 11. Bf4 Ne7 12. Be2 Bxe2 13. Kxe2 Rg8 14. h4 h6 15. Bxh6 Nxe5 16. Rad1+ Ke8 17. b3 f5 18. Bg5 Kf7 19. Rhf1 Ke6 20. Bxe7 Kxe7 21. exf5 gxf5 22. Rxf5 Rxg2+ 23. Kf1 Rag8 24. Rxe5+ Kf6 25. Re2 Rg1+ 26. Kf2 R1g2+ 27. Ke3 R2g3+ 28. Kd4 Rd8+ 29. Kc5 Rxc3 30. Rxd8 1-0

[Event "Late-Titled-Tuesday-Blitz-June-25-2024"]
[Site "Chess.com"]
[Date "2024.06.25"]
[Round "7"]
[White "Viktoker"]
[Black "Mackster23"]
[Result "1-0"]
[WhiteElo "2517"]
[BlackElo "2665"]
[TimeControl "180+1"]
[EndTime "15:15:16 PDT"]
[Termination "Viktoker won on time"]

1. d4 Nf6 2. Nf3 d5 3. c3 Bf5 4. Qb3 Qc8 5. c4 e6 6. cxd5 exd5 7. Nc3 c6 8. Bf4 Nbd7 9. e3 Nh5 10. Bg3 Nxg3 11.
hxg3 Bd6 12. Rc1 Qb8 13. Nh4 Be6 14. Bd3 g6 15. Nf3 Be7 16. Ne2 a5 17. Nf4 a4 18.
Qc2 Bg4 19. Bxg6 fxg6 20. Nxg6 Rf8 21. Nxf8 Nxf8 22. Ne5 Be6 23. Qe2 Qd6 24. Qh5+ Kd8 25. Kf1 Kc7 26. Kg1 Qb4 27. Kh2 Qxb2 28. Nd3 Qa3 29.
Nc5 Bxc5 30. Rxc5 Nd7 31. Rc2 Nf6 32. Qh4 Ng4+ 33. Kg1 Qb4 34. Rc1 Kb6 35. Qxh7 Qd2 36. Rf1 Rf8 37. Qb1+ Ka7 38. Rh7 1-0

[Event "Late-Titled-Tuesday-Blitz-June-25-2024"]
[Site "Chess.com"]
[Date "2024.06.25"]
[Round "7"]
[White "josiur"]
[Black "FredddieCroderg"]
[Result "1-0"]
[WhiteElo "2475"]
[BlackElo "2335"]
[TimeControl "180+1"]
[EndTime "15:15:16 PDT"]
[Termination "josiur won by resignation"]

1. e4 e5 2. Nf3 f6 3. Nc3 Bb4 4. Bc4 Bxc3 5. dxc3 d6 6. Nh4 g6 7. O-O Qe7 8. Be3 Be6 9. Bb5+ Nd7 10. Nf3 c6 11. Be2 g5 12. c4 h5 13. b4 h4 14.
Rb1 g4 15. Nd2 g3 16. fxg3 hxg3 17. h3 Qh7 18. Bg4 Bf7 19. c5 d5 20. exd5 Bxd5 21. c4 Bf7 22. Bxd7+ Kxd7 23. Ne4+ Ke8 24. Nxf6+ Nxf6 25. Rxf6 Rd8 26. Rd6 Rxd6 27. cxd6 Qe4 28. d7+ 1-0

[Event "Late-Titled-Tuesday-Blitz-June-25-2024"]
[Site "Chess.com"]
[Date "2024.06.25"]
[Round "7"]
[White "wild3000"]
[Black "cthulhuuu"]
[Result "0-1"]
[WhiteElo "2511"]
[BlackElo "2386"]
[TimeControl "180+1"]
[EndTime "15:15:16 PDT"]
[Termination "cthulhuuu won by resignation"]

1. b3 Nf6 2. d3 g6 3. Bb2 Bg7 4.
e4 d6 5. g3 O-O 6. Bg2 c5 7.
c4 Nc6 8. Ne2 a6 9. O-O Rb8 10.
Nbc3 b5 11. Nd5 Nxd5 12. Bxg7 Kxg7 13. cxd5 Nd4 14. Nxd4 cxd4 15. Qd2 Qb6 16. Rfc1 Bd7 17. f4 f6 18. h4 Rfc8 19. Bf3 b4 20. Rc4 Bb5 21.
Rxb4 a5 22. Rc4 Bxc4 23. dxc4 a4 24. Bd1 d3+ 25. Qf2 Qb4 26. Rc1 d2 27. Rb1 Qc3 28. Qf3 Qxf3 29. Bxf3 Rxc4 30. Rd1 axb3 31. axb3 Rxb3 32.
Kf2 Rc1 33. Rxd2 Rcc3 34. Bd1 Ra3 35. g4 Rh3 36. h5 Rh2+ 37. Ke1 Re3+ 38. Re2 Rhxe2+ 39. Bxe2 Rxe4 40. hxg6 hxg6 41. Kf2 Rxf4+ 42. Kg3 g5 43.
Bb5 Kf8 44. Bd7 Re4 45. Bf5 Re5 46. Be6 Rxe6 47. dxe6 Ke8 48. Kf3 Kd8 49. Ke4 Kc7 50.
Kd5 Kb6 0-1

[Event "Late-Titled-Tuesday-Blitz-June-25-2024"]
[Site "Chess.com"]
[Date "2024.06.25"]
[Round "7"]
[White "esskeettit"]
[Black "Big_Finky"]
[Result "1-0"]
[WhiteElo "2499"]
[BlackElo "2350"]
[TimeControl "180+1"]
[EndTime "15:15:17 PDT"]
[Termination "esskeettit won by resignation"]

1. d4 d5 2. c4 c6 3. Nc3 Nf6 4.
e3 e6 5. Nf3 Nbd7 6. b3 Bd6 7.
Qc2 O-O 8. Be2 e5 9. cxd5 cxd5 10. Nb5 Bb4+ 11. Bd2 Bxd2+ 12. Nxd2 a6 13. Nc7 Rb8 14. O-O exd4 15. exd4 Ne4 16. Nxd5 Nxd2 17. Qxd2 Re8 18. Bf3 Nf6 19. Rfe1 Bd7 20. Rxe8+ Bxe8 21. Re1 Nxd5 22.
Rxe8+ Qxe8 23. Bxd5 Rd8 24. Bc4 Qe4 25. d5 b5 26. Bf1 Qxd5 27. Qa5 Qe6 28. Qxd8+ 1-0

[Event "Late-Titled-Tuesday-Blitz-June-25-2024"]
[Site "Chess.com"]
[Date "2024.06.25"]
[Round "7"]
[White "romulocardoso"]
[Black "corvachesky"]
[Result "1-0"]
[WhiteElo "2326"]
[BlackElo "2468"]
[TimeControl "180+1"]
[EndTime "15:15:17 PDT"]
[Termination "romulocardoso won by resignation"]

1. e4 e5 2. Nf3 Nc6 3. d4 exd4 4. Bc4 Nf6 5. e5 d5 6. Bb5 Nd7 7. O-O Be7 8. Re1 O-O 9. Bxc6 bxc6 10. Nxd4 Nb8 11.
Bf4 c5 12. Nb3 Bb7 13. Nc3 Bg5 14. Nxd5 Bxf4 15. Nxf4 Qg5 16. Nxc5 Bc6 17. Qd4 Rd8 18. Qe3 Qe7 19. e6 f6 20. Rad1 Rd6 21. Ne4 Rxd1 22.
Rxd1 Na6 23. a3 Re8 24. b4 Nb8 25. Qc5 Bxe4 26. Qxe7 1-0

[Event "Late-Titled-Tuesday-Blitz-June-25-2024"]
[Site "Chess.com"]
[Date "2024.06.25"]
[Round "7"]
[White "Alexander_Khlebovich"]
[Black "WilsonPalencia21"]
[Result "1-0"]
[WhiteElo "2818"]
[BlackElo "2609"]
[TimeControl "180+1"]
[EndTime "15:15:19 PDT"]
[Termination "Alexander_Khlebovich won by resignation"]

1. d4 Nf6 2. c4 c5 3. d5 g6 4. Nf3 Bg7 5. Nc3 O-O 6. Bf4 d6 7. e3 Nh5 8. Bg3 Na6 9. Qd2 Nc7 10. Be2 a6 11. a4 Bg4 12. O-O Bxf3 13. Bxf3 Nf6 14.
a5 Nd7 15. Ra3 Rb8 16. Na4 f5 17. e4 Ne5 18. Bxe5 Bxe5 19. exf5 gxf5 20. Bh5 Kh8 21.
Rh3 Rg8 22. Qh6 Qf8 23. Qd2 Qg7 24. g3 e6 25. Bf3 Bd4 26. Rh5 Qf6 27. Nb6 Rbd8 28.
dxe6 Nxe6 29. Bxb7 f4 30. Be4 Rg7 31. Nd5 Qf7 32.
Rf5 Qg8 33. Nxf4 Ng5 34. Bd5 Qxd5 35. Nxd5 1-0

[Event "Late-Titled-Tuesday-Blitz-June-25-2024"]
[Site "Chess.com"]
[Date "2024.06.25"]
[Round "7"]
[White "Bryanl106"]
[Black "Zq1"]
[Result "0-1"]
[WhiteElo "2711"]
[BlackElo "2509"]
[TimeControl "180+1"]
[EndTime "15:15:20 PDT"]
[Termination "Zq1 won by checkmate"]

1. e4 c5 2. Nf3 d6 3. d4 cxd4 4. Nxd4 Nf6 5. Nc3 Nc6 6. f3 Nxd4 7. Qxd4 g6 8. Be3 Bg7 9. Qd2 h5 10. Bb5+ Bd7 11. a4 a6 12. Bxd7+ Qxd7 13. a5 Rc8 14. O-O O-O 15. Ra3 Qc6 16. Rb3 Rfd8 17. Rb6 Qc7 18.
Rd1 Re8 19. Bd4 e6 20. Be3 d5 21. Bf4 Qc5+ 22. Be3 Qc7 23. exd5 Nxd5 24. Nxd5 exd5 25. c3 h4 26. Bd4 Bxd4+ 27. Qxd4 h3 28. g3 Re2 29.
Rd2 Rxd2 30. Qxd2 Qc5+ 31. Qd4 Qxd4+ 32. cxd4 Rc1+ 33. Kf2 Rc2+ 34. Ke3 Rxh2 35. Rxb7 Rc2 36. Kd3 Rc1 37. Kd2 Rg1 38. b4 h2 39. b5 h1=Q 40. bxa6 Qxf3 41. a7 Rd1+ 42. Kc2 Qd3+ 43. Kb2 Qxd4+ 44. Kc2 Qd3+ 45. Kb2 Qb1+ 46. Kc3 Rd3# 0-1

[Event "Late-Titled-Tuesday-Blitz-June-25-2024"]
[Site "Chess.com"]
[Date "2024.06.25"]
[Round "7"]
[White "Snowball-03"]
[Black "ALRS-SPS"]
[Result "0-1"]
[WhiteElo "2613"]
[BlackElo "2453"]
[TimeControl "180+1"]
[EndTime "15:15:21 PDT"]
[Termination "ALRS-SPS won by resignation"]

1. e4 e5 2. Nf3 Nc6 3. Bb5 a6 4. Ba4 Nf6 5. O-O Be7 6. Re1 b5 7. Bb3 O-O 8. d3 d6 9. h3 Na5 10. Bd2 Nxb3 11. axb3 c5 12. b4 Qc7 13. bxc5 dxc5 14. Nc3 Bb7 15. Ne2 c4 16. Ng3 Rfd8 17. Qe2 cxd3 18. cxd3 Qc2 19. Nf5 Bf8 20. Nxe5 Nxe4 21.
dxe4 Rxd2 22. Qf3 f6 23. Nd7 Rxd7 24. Rac1 Qxb2 25. Qg4 Rad8 26. Qg3 Qe5 27. Qb3+ Kh8 28. Re3 Bxe4 29. Ng3 f5 30. Qa2 Rd1+ 31. Rxd1 Rxd1+ 32. Kh2 Qd5 33. Qxa6 Bxg2 34. Qc8 Qd8 35. Qxd8 Rxd8 36.
Kxg2 f4 0-1

[Event "Late-Titled-Tuesday-Blitz-June-25-2024"]
[Site "Chess.com"]
[Date "2024.06.25"]
[Round "7"]
[White "Arystanner"]
[Black "AryanTari"]
[Result "1/2-1/2"]
[WhiteElo "2834"]
[BlackElo "3025"]
[TimeControl "180+1"]
[EndTime "15:15:22 PDT"]
[Termination "Game drawn by repetition"]

1. e4 e5 2. Nf3 Nc6 3. Nc3 Nf6 4. d4 exd4 5. Nxd4 Bb4 6. Nxc6 bxc6 7. Bd3 d5 8. Bd2 O-O 9. O-O Rb8 10. Re1 Bg4 11. Qc1 Re8 12. exd5 Rxe1+ 13. Qxe1 cxd5 14. a3 Bc5 15.
b4 Bd4 16. Rb1 c6 17. Na4 Nd7 18. Be3 Qf6 19. Bxd4 Qxd4 20. Qe7 g6 21. h3 Be6 22. Re1 Rf8 23. Qd6 a5 24. Qxc6 axb4 25. axb4 Qxb4 26. Rxe6 fxe6 27. Qxd7 Qe1+ 28. Kh2 Qe5+ 29. Kg1 Qe1+ 30. Kh2 Qe5+ 31. Kg1 Qe1+ 1/2-1/2

[Event "Late-Titled-Tuesday-Blitz-June-25-2024"]
[Site "Chess.com"]
[Date "2024.06.25"]
[Round "7"]
[White "ReinisUz"]
[Black "ozates"]
[Result "1-0"]
[WhiteElo "2463"]
[BlackElo "2599"]
[TimeControl "180+1"]
[EndTime "15:15:26 PDT"]
[Termination "ReinisUz won by resignation"]

1. c4 g6 2. Nc3 Bg7 3. g3 c5 4. Bg2 Nc6 5. e4 d6 6. Nge2 e6 7. O-O Nge7 8. d3 O-O 9. Rb1 Rb8 10. a3 a6 11. b4 cxb4 12. axb4 b5 13. cxb5 axb5 14. d4 e5 15. d5 Nd4 16. Nxd4 exd4 17. Ne2 f5 18. Nxd4 fxe4 19. Bxe4 Bh3 20. Re1 Nf5 21.
Nxf5 Bxf5 22. Bb2 Bxe4 23. Rxe4 Qb6 24. Qe2 Bxb2 25. Rxb2 Ra8 26. Kg2 Ra3 27. Re8 Rf3 28.
Qxf3 Rxe8 29. Re2 Rf8 30. Qe4 Qc7 31. Qe6+ Kh8 32. h4 Qb8 33. Re3 Qd8 34. Rf3 Rxf3 35. Kxf3 Qf8+ 36. Ke3 Qd8 37. Qf7 Qb8 38. Kf4 Qd8 39.
Kg4 Qc8+ 40. Kg5 Qg8 41. Qxg8+ Kxg8 42. Kf6 1-0

[Event "Late-Titled-Tuesday-Blitz-June-25-2024"]
[Site "Chess.com"]
[Date "2024.06.25"]
[Round "7"]
[White "Alblooshi_Hamad"]
[Black "dolynachess"]
[Result "0-1"]
[WhiteElo "2310"]
[BlackElo "2526"]
[TimeControl "180+1"]
[EndTime "15:15:28 PDT"]
[Termination "dolynachess won by checkmate"]

1. d4 Nf6 2. c4 c5 3. d5 b5 4. cxb5 a6 5. b6 d6 6. Nc3 Nbd7 7. e4 g6 8. Nf3 Bg7 9. Be2 O-O 10.
O-O Qxb6 11. a4 Ne8 12. a5 Qd8 13. Nd2 Nc7 14. Nc4 Nb5 15. Na4 Rb8 16. Nab6 Re8 17. Nxc8 Qxc8 18. f4 Nd4 19. Bd3 Nb3 20. Rb1 Nxc1 21.
Qxc1 Qc7 22. f5 Rb4 23. fxg6 hxg6 24. Qf4 Rf8 25. b3 Ne5 26. Bc2 Nxc4 27. bxc4 Qxa5 28. Bd3 Qa3 29. Be2 Be5 30. Qh4 Qe3+ 31. Qf2 Qxe4 32. Rxb4 Bd4 33. Ra4 Qxe2 34. Qxd4 cxd4 35.
Rxa6 d3 36. Raa1 d2 37. Rf2 Qe1+ 38. Rf1 Qe3+ 39. Kh1 Rc8 40. h4 Rxc4 41. h5 Rh4# 0-1

[Event "Late-Titled-Tuesday-Blitz-June-25-2024"]
[Site "Chess.com"]
[Date "2024.06.25"]
[Round "7"]
[White "maurovargas01"]
[Black "N_I_Chess"]
[Result "1-0"]
[WhiteElo "1967"]
[BlackElo "2256"]
[TimeControl "180+1"]
[EndTime "15:15:34 PDT"]
[Termination "maurovargas01 won by resignation"]

1. e4 Nf6 2. Nc3 d5 3. e5 d4 4. exf6 dxc3 5. fxg7 cxd2+ 6. Bxd2 Bxg7 7. c3 Qd5 8. Nf3 Bg4 9. Be2 Nc6 10. O-O O-O-O 11.
Bf4 Qh5 12. Qb3 Be6 13. Qa4 Kb8 14. Nd4 Qc5 15. Nxe6 fxe6 16. Bf3 Ne5 17. Be3 Nxf3+ 18. gxf3 Qc6 19. Qxa7+ Kc8 20. Qa8+ Kd7 21. Rad1+ Ke8 22. Rxd8+ Kf7 23. Rxh8 Qxf3 24. Qe8+ Kf6 25. Rf8+ 1-0

[Event "Late-Titled-Tuesday-Blitz-June-25-2024"]
[Site "Chess.com"]
[Date "2024.06.25"]
[Round "7"]
[White "MyDream003"]
[Black "ArmanGhevondyanchess"]
[Result "0-1"]
[WhiteElo "2768"]
[BlackElo "2624"]
[TimeControl "180+1"]
[EndTime "15:15:35 PDT"]
[Termination "ArmanGhevondyanchess won by checkmate"]

1. Nf3 Nf6 2. c4 g6 3. Nc3 c5 4. e3 Bg7 5. Be2 O-O 6. O-O d5 7. cxd5 Nxd5 8. a3 Nc6 9. Qc2 b6 10. d3 Bb7 11. Bd2 Rc8 12. Qb3 e6 13. Rac1 Qd7 14.
Rfd1 Rfd8 15. Be1 Ne5 16. Nd2 Nxc3 17. Rxc3 Bc6 18. Qa2 Ba4 19. b3 Bc6 20. Bf1 Ng4 21. Rcc1 Qc7 22. g3 Ba8 23. Qc2 Qb7 24. e4 Ne5 25. Be2 h5 26. Nf3 Nc6 27. Qb1 Rd7 28.
Bd2 Qa6 29. a4 Nd4 30. Nxd4 Bxd4 31. Be1 Bxe4 32. Bxh5 Ba8 33. Bg4 Qb7 34. Kf1 f5 35. Bh3 Qh1+ 36. Ke2 Bf3+ 37. Kd2 Qxh2 38. Bf1 Bxf2 39.
Kc3 Bd4+ 40. Kc4 a6 41. Bc3 Bd5# 0-1

[Event "Late-Titled-Tuesday-Blitz-June-25-2024"]
[Site "Chess.com"]
[Date "2024.06.25"]
[Round "7"]
[White "BerlinDrawer"]
[Black "Bugcrusher"]
[Result "1-0"]
[WhiteElo "2632"]
[BlackElo "2476"]
[TimeControl "180+1"]
[EndTime "15:15:35 PDT"]
[Termination "BerlinDrawer won by resignation"]

1. e4 e6 2. d4 d5 3. exd5 exd5 4. Bf4 c5 5. c3 Nc6 6. Bb5 Bd6 7. Bxd6 Qxd6 8.
Nf3 Nf6 9. O-O O-O 10. Bxc6 bxc6 11. Nbd2 Bg4 12. Qa4 cxd4 13. cxd4 Rab8 14. b3 Rb4 15.
Qxa7 Ne4 16. Rfe1 Nxd2 17. Nxd2 Qf4 18. Nf1 Rxd4 19. Rac1 Re4 20. Rxe4 Qxe4 21. f3 Qf4 22. Rxc6 Be6 23. Qe3 Qb4 24. Rc2 d4 25. Qd2 Qb6 26. Qf2 h6 27. Rd2 Rd8 28. Ng3 Qa7 29. Ne2 Bxb3 30.
axb3 Qa1+ 31. Qf1 Qa3 32. Nxd4 Qc5 33. Qd1 g6 34. g3 h5 35. Kg2 Qc3 36. Rd3 Qc5 37. Ne2 Re8 38. Rd8 1-0